[Event "Elite Hotels Open 2024"]
[Site "Elite Stadshotellet, Kungsgatan 6, Vaxjo, Sweden"]
[Date "2024.02.09"]
[Round "2.8"]
[White "Eriksson, Wilmer"]
[Black "Akesson, Ralf"]
[Result "0-1"]
[TimeControl "15 minutes + 5 seconds per move from move one (Round 1 - 4) / 90 minutes + 30 seconds per move from move one (Round 5 - 8)"]
[BlackTitle "GM"]
[WhiteFideId "1768298"]
[BlackFideId "1700120"]
[WhiteElo "1976"]
[BlackElo "2378"]

1. e4 c5 2. c3 d5 3. exd5 Qxd5 4. d4 Nf6 5. Nf3 Bg4 6. Nbd2 Nc6 7. Bc4 Qd6 8. dxc5 Qxc5 9. Qe2 e6 10.
O-O Be7 11. h3 Bh5 12. Bd3 O-O 13. Ne4 Nxe4 14. Bxe4 Rfd8 15. Be3 Qa5 16. Qc2 Bg6 17. Bxg6 hxg6 18. Qb3 Qc7 19. Nd4 Na5 20.
Qc2 Nc4 21. b3 Nxe3 22. fxe3 Bf6 23. Rac1 Rac8 24. Rfd1 Qe5 25. Qf2 a6 26. c4 Qe4 27. Nf3 Rxd1+ 28. Rxd1 b5 29. cxb5 axb5 30. Nd4 b4 31. Qf3 Qxf3 32. gxf3 e5 33. Nb5 Rc2 34.
e4 Rxa2 35. Nd6 Bh4 36. Rd3 Bf2+ 37. Kf1 Bc5 38. Nc4 f6 39. Nd2 Bd4 40. Ke2 Kh7 41. f4 Bc3 42. fxe5 Bxe5 43. Ke3 g5 44.
Nc4 Bf4+ 45. Kf3 Kg6 46. Nd6 Rh2 47. Kg4 Rg2+ 48. Kf3 Rg3+ 49. Ke2 Rxd3 0-1

[Event "Elite Hotels Open 2024"]
[Site "Elite Stadshotellet, Kungsgatan 6, Vaxjo, Sweden"]
[Date "2024.02.09"]
[Round "2.9"]
[White "Nilsson, Oliver"]
[Black "Olsson, William"]
[Result "1-0"]
[TimeControl "15 minutes + 5 seconds per move from move one (Round 1 - 4) / 90 minutes + 30 seconds per move from move one (Round 5 - 8)"]
[BlackTitle "FM"]
[WhiteFideId "1730177"]
[BlackFideId "1741721"]
[WhiteElo "1973"]
[BlackElo "2373"]

1. e4 c5 2. Nc3 Nc6 3. Bb5 Nd4 4. Nf3 g6 5. Bc4 Bg7 6. Nxd4 cxd4 7. Qf3 e6 8. Nb5 d6 9. Qa3 Bf8 10. Nxd4 Nf6 11. d3 d5 12.
Bb5+ Bd7 13. Qa4 dxe4 14. Bg5 Be7 15. Rd1 exd3 16. Rxd3 Nd5 17. Bxe7 Qxe7 18. O-O Rd8 19. Rfd1 O-O 20. Bxd7 Rxd7 21. c4 Nb6 22.
Qb5 Rfd8 23. c5 Rd5 24. Nb3 a6 25. Rxd5 Nxd5 26. Qc4 Rc8 27. h3 Qf6 28. Qd4 Qg5 29. g3 Qe7 30. Qe5 h5 31. Rxd5 a5 32. Rd6 a4 33.
Nd4 Qc7 34. Nxe6 fxe6 35. Qxe6+ Kh8 36. Rd7 1-0

[Event "Elite Hotels Open 2024"]
[Site "Elite Stadshotellet, Kungsgatan 6, Vaxjo, Sweden"]
[Date "2024.02.09"]
[Round "2.10"]
[White "Lindberg, Bengt"]
[Black "Frisk, Hans"]
[Result "1-0"]
[TimeControl "15 minutes + 5 seconds per move from move one (Round 1 - 4) / 90 minutes + 30 seconds per move from move one (Round 5 - 8)"]
[WhiteTitle "IM"]
[WhiteFideId "1700359"]
[BlackFideId "1708570"]
[WhiteElo "2331"]
[BlackElo "1973"]

1. e4 c5 2. Nf3 Nc6 3. d4 cxd4 4. Nxd4 Nf6 5. Nc3 e6 6. Ndb5 Bb4 7. a3 Bxc3+ 8. Nxc3 d5 9. exd5 exd5 10.
Bd3 O-O 11. O-O d4 12. Ne2 Bg4 13. f3 Bh5 14. Bg5 Qd6 15. Qd2 Bg6 16. Rad1 Rfe8 17. Bxg6 hxg6 18. Nxd4 Nxd4 19. Qxd4 Qxd4+ 20. Rxd4 Re2 21. Rd2 Rxd2 22. Bxd2 Rc8 23. Rc1 b5 24. Kf2 Nd5 25. b3 Nc3 26. Bxc3 Rxc3 27. Ke2 a5 28. Kd2 Rc7 29.
c4 Rd7+ 30. Kc3 bxc4 31. bxc4 Rb7 32. Rc2 Re7 33. Kb3 Kf8 34. Ka4 Ke8 35. Kxa5 Ra7+ 36. Kb4 Rb7+ 37. Kc5 Ra7 38. Ra2 Kd7 39.
a4 Rc7+ 40. Kd5 Ra7 41. a5 Ra6 42. Kc5 Kc7 43. Kb5 Re6 44. a6 1-0

[Event "Elite Hotels Open 2024"]
[Site "Elite Stadshotellet, Kungsgatan 6, Vaxjo, Sweden"]
[Date "2024.02.09"]
[Round "2.11"]
[White "Ljung, Rickard"]
[Black "Ostlund, Joar"]
[Result "0-1"]
[TimeControl "15 minutes + 5 seconds per move from move one (Round 1 - 4) / 90 minutes + 30 seconds per move from move one (Round 5 - 8)"]
[BlackTitle "FM"]
[WhiteFideId "1740156"]
[BlackFideId "1735020"]
[WhiteElo "1963"]
[BlackElo "2327"]

1. d4 Nf6 2. Bf4 d5 3. e3 e6 4.
Nd2 Bd6 5. Bg3 O-O 6. Bd3 c5 7. c3 Qc7 8. Ngf3 Nbd7 9. Bh4 b6 10. O-O Bb7 11. Re1 Ne4 12. Qe2 e5 13. Bxe4 dxe4 14.
Nxe5 Nxe5 15. dxe5 Bxe5 16. Bg3 Rad8 17. Rad1 Rd3 18. Nb3 Bxg3 19. hxg3 Rfd8 20. Nc1 R3d6 21. Rxd6 Qxd6 22. Nb3 a5 23.
Qb5 Qc6 24. Qe2 a4 25. Rd1 Rd6 26. Rxd6 Qxd6 27. Qd2 Qe7 28. Nc1 g6 29. a3 Bc6 30. Ne2 Kf8 31. Nf4 Ke8 32. Kf1 Qd7 33.
Ke1 Bb5 34. Qd5 Bc6 35. Qe5+ Qe7 36. Qb8+ Qd8 37. Qe5+ Kd7 38. Nd5 f5 39. Nf6+ Kc8 40. Qe6+ Kb7 41. Qf7+ Ka8 42. Qe6 Kb7 43.
Qf7+ Ka8 44. Qe6 Bb5 45.
Qd5+ Qxd5 46. Nxd5 Kb7 47. Nf6 h5 48. Nd5 Bc4 49. Nf4 Bf7 50.
f3 g5 51. Nh3 g4 52. fxg4 hxg4 53. Nf4 Kc6 54. Kd2 Kb5 55. Ne2 Bc4 56. Nc1 Bf1 57. Ke1 Bxg2 58. Kf2 Bf3 59. Ke1 Kc4 60.
Kf2 Bd1 61. Ke1 Bc2 62. Kd2 Bd3 63. Ke1 Kb5 64. Kd2 Bc4 65. Ke1 Ka5 66. Kd2 b5 67. Ke1 b4 68. cxb4+ cxb4 69. Kd2 Kb5 70.
axb4 Kxb4 71. Ke1 a3 72. bxa3+ Kxa3 73. Kd2 Kb2 74. Kd1 Kc3 75. Ne2+ Bxe2+ 76. Kxe2 Kc2 77. Kf1 Kd3 78. Kf2 Kd2 0-1

[Event "Elite Hotels Open 2024"]
[Site "Elite Stadshotellet, Kungsgatan 6, Vaxjo, Sweden"]
[Date "2024.02.09"]
[Round "2.12"]
[White "Kistrup, Nicolai"]
[Black "Bouaziz, Nejib"]
[Result "1-0"]
[TimeControl "15 minutes + 5 seconds per move from move one (Round 1 - 4) / 90 minutes + 30 seconds per move from move one (Round 5 - 8)"]
[WhiteTitle "FM"]
[WhiteFideId "1444816"]
[BlackFideId "1704915"]
[WhiteElo "2326"]
[BlackElo "1957"]

1. d4 Nf6 2. c4 g6 3. Nc3 Bg7 4.
e4 O-O 5. h3 d6 6. Be3 e5 7. d5 Nbd7 8. g4 Nc5 9. f3 a5 10. Qd2 Ne8 11. h4 f5 12. gxf5 gxf5 13. O-O-O f4 14.
Bf2 h6 15. Bh3 Bxh3 16. Nxh3 Kh8 17. Rdg1 Nf6 18. Bxc5 dxc5 19. Ng5 Qe7 20. Ne6 Rg8 21. Nb5 Rac8 22. Nbxc7 Rxc7 23. Nxg7 Qf7 24.
Nf5 Qh5 25. Rxg8+ Kxg8 26. Qxa5 Rf7 27. Rf1 Kh7 28. Qxc5 Qg6 29. Qg1 Rc7 30. Qxg6+ Kxg6 31. Rg1+ Kh5 32. b3 b5 33. Rg7 bxc4 34. Rxc7 1-0

[Event "Elite Hotels Open 2024"]
[Site "Elite Stadshotellet, Kungsgatan 6, Vaxjo, Sweden"]
[Date "2024.02.09"]
[Round "2.13"]
[White "Wegerif, Andrew"]
[Black "Kristensen, Kaare Hove"]
[Result "0-1"]
[TimeControl "15 minutes + 5 seconds per move from move one (Round 1 - 4) / 90 minutes + 30 seconds per move from move one (Round 5 - 8)"]
[BlackTitle "IM"]
[WhiteFideId "1713809"]
[BlackFideId "1400940"]
[WhiteElo "1928"]
[BlackElo "2324"]

1. d4 d5 2. c4 e6 3. g3 c6 4. Bg2 dxc4 5. a4 Nf6 6. Nf3 b5 7. Ne5 Nd5 8. O-O Bb7 9. b3 cxb3 10.
Qxb3 a6 11. Na3 Nd7 12. Bb2 Be7 13. Rfc1 Nxe5 14. dxe5 O-O 15. Bd4 Nf4 16. gxf4 Qxd4 17. Rd1 Qxf4 18. axb5 axb5 19. Nxb5 Rxa1 20.
Rxa1 cxb5 21. Bxb7 Qxe5 22. Rb1 Qxe2 23. Qxb5 Qg4+ 24. Bg2 g6 25. Qd7 Bc5 26. Qc6 Bxf2+ 27. Kxf2 Qf5+ 0-1

[Event "Elite Hotels Open 2024"]
[Site "Elite Stadshotellet, Kungsgatan 6, Vaxjo, Sweden"]
[Date "2024.02.09"]
[Round "2.14"]
[White "Crevatin, Leo"]
[Black "Winfridsson, Hakan"]
[Result "1-0"]
[TimeControl "15 minutes + 5 seconds per move from move one (Round 1 - 4) / 90 minutes + 30 seconds per move from move one (Round 5 - 8)"]
[WhiteTitle "FM"]
[WhiteFideId "1726307"]
[BlackFideId "1706292"]
[WhiteElo "2303"]
[BlackElo "1919"]

1. d4 d5 2. c4 c6 3. Nf3 Nf6 4. Qc2 e6 5. Bg5 Be7 6. e3 O-O 7. Nc3 Nbd7 8. Rd1 dxc4 9. Bxc4 b5 10.
Bd3 a6 11. O-O Bb7 12. e4 h6 13. Bh4 Rc8 14. e5 Nd5 15. Bxe7 Qxe7 16. Nxd5 cxd5 17. Qd2 Rc7 18. Bb1 Rfc8 19.
h4 b4 20. Rfe1 a5 21. Qd3 Nf8 22. h5 Qd8 23. Nd2 Qg5 24. Nb3 a4 25. Nc5 Bc6 26. Qe2 Nd7 27. Rc1 Nxc5 28. Rxc5 Be8 29.
Qa6 Rxc5 30. dxc5 Rxc5 31. Qa8 Qe7 32. Bd3 Kf8 33. Qb8 Rc7 34. g3 Rb7 35. Qc8 Qc7 36. Qxc7 Rxc7 37. Kf1 Ke7 38.
Ke2 Rc5 39. Ke3 f6 40. Kd4 Rc7 41. g4 Bf7 42. f4 f5 43. gxf5 exf5 44. Rg1 Kf8 45. Bxf5 Rc4+ 46. Ke3 Bxh5 47. Bd3 Rc7 48. Kd4 Bf7 49.
f5 a3 50. bxa3 bxa3 51. Rb1 g5 52.
e6 Bxe6 53. fxe6 Ke7 54. Ke5 d4 55.
Rf1 Rc5+ 56. Kxd4 Ra5 57. Bc4 g4 58. Rf7+ Ke8 59. Rb7 g3 60. Bb5+ Kf8 61.
Ke5 g2 62. Kf6 Ra8 63. Rf7+ Kg8 64. Rg7+ Kh8 65. Rxg2 1-0

[Event "Elite Hotels Open 2024"]
[Site "Elite Stadshotellet, Kungsgatan 6, Vaxjo, Sweden"]
[Date "2024.02.09"]
[Round "2.15"]
[White "Halvarsson, Peter"]
[Black "Falkevall, Axel"]
[Result "0-1"]
[TimeControl "15 minutes + 5 seconds per move from move one (Round 1 - 4) / 90 minutes + 30 seconds per move from move one (Round 5 - 8)"]
[BlackTitle "FM"]
[WhiteFideId "1701843"]
[BlackFideId "1735560"]
[WhiteElo "1919"]
[BlackElo "2290"]

1. e4 c5 2. a3 g6 3. h4 h6 4. Nc3 Bg7 5. Bc4 e6 6. d3 Ne7 7. Nf3 Nbc6 8. Rb1 d5 9. Ba2 Nd4 10.
Bd2 O-O 11. Nh2 b5 12. h5 g5 13. f4 gxf4 14. Bxf4 e5 15. Bd2 c4 16. Ng4 Kh7 17. exd5 f5 18. Nf2 Nxd5 19. dxc4 bxc4 20.
Bxc4 Nb6 21. Bd3 Bb7 22. Rg1 e4 23. Ncxe4 fxe4 24. Nxe4 Qh4+ 25. g3 Qe7 26. Qg4 Rae8 27. Qg6+ Kh8 28.
Bxh6 Bxe4 29. Bxg7+ Qxg7 30. Bxe4 Qxg6 31. hxg6 Rxe4+ 32. Kd2 Nf3+ 33. Kd3 Rd4+ 34. Ke3 Nd5+ 0-1

[Event "Elite Hotels Open 2024"]
[Site "Elite Stadshotellet, Kungsgatan 6, Vaxjo, Sweden"]
[Date "2024.02.09"]
[Round "2.16"]
[White "Frank, Anton"]
[Black "Rydstrom, Tom"]
[Result "0-1"]
[TimeControl "15 minutes + 5 seconds per move from move one (Round 1 - 4) / 90 minutes + 30 seconds per move from move one (Round 5 - 8)"]
[BlackTitle "FM"]
[WhiteFideId "1752383"]
[BlackFideId "1714830"]
[WhiteElo "1913"]
[BlackElo "2254"]

1. c4 e5 2. g3 Nf6 3. Bg2 d5 4. cxd5 Nxd5 5. Nf3 Nc6 6. O-O Be7 7. Nc3 Nb6 8. a3 a5 9. d3 Be6 10. Be3 Nd5 11. Nxd5 Bxd5 12. Rc1 O-O 13.
Qa4 Bf6 14. Rfd1 Re8 15. Bc5 Nd4 16. Bxd4 exd4 17. Qc2 c6 18. a4 Qb6 19. Re1 Bb3 20. Qd2 Bxa4 21. Qf4 Bb3 22. Nd2 Be6 23.
Ne4 Be7 24. h4 a4 25. Bf3 Bd5 26. Kh2 h6 27. Nd2 Bxf3 28. Nxf3 Bb4 29. Rf1 Rxe2 30. Ne5 Qc7 31. Qxd4 Qxe5 32.
Qxb4 Rxb2 33. Qa3 Rb3 34. Qa2 Rxd3 35. Rce1 Qd5 36. Qb1 b5 37. Re2 a3 38. Rfe1 a2 39. Qa1 b4 40. Re5 Qf3 41. Re8+ Rxe8 42. Rxe8+ Kh7 43. Qxa2 Rd1 44. Qc2+ f5 0-1

[Event "Elite Hotels Open 2024"]
[Site "Elite Stadshotellet, Kungsgatan 6, Vaxjo, Sweden"]
[Date "2024.02.09"]
[Round "3.1"]
[White "Silseth, Simon"]
[Black "Hillarp, Tiger"]
[Result "0-1"]
[TimeControl "15 minutes + 5 seconds per move from move one (Round 1 - 4) / 90 minutes + 30 seconds per move from move one (Round 5 - 8)"]
[WhiteTitle "FM"]
[BlackTitle "GM"]
[WhiteFideId "1702440"]
[BlackFideId "1700812"]
[WhiteElo "2228"]
[BlackElo "2476"]

1. c4 e5 2. Nc3 Bb4 3. Nf3 Bxc3 4.
bxc3 d6 5. d3 f5 6. g3 Nc6 7. Bg2 Nf6 8. O-O O-O 9. Rb1 Rb8 10. Bg5 Bd7 11. Qc2 Qe8 12. Nd2 b6 13. Bxf6 Rxf6 14.
e3 Rh6 15. f4 Qh5 16. Nf3 Re8 17. Rbe1 Nd8 18. Kf2 Rf6 19. h3 h6 20. Rh1 Rff8 21. d4 e4 22. Nd2 Qf7 23. Bf1 g5 24.
Be2 gxf4 25. gxf4 Qf6 26. Reg1+ Kh8 27. h4 Rg8 28. Rg5 Qe7 29. Rh5 Rg6 30. Qd1 Reg8 31. Qf1 Ne6 32. Qh3 Nxf4 33.
exf4 e3+ 34. Ke1 exd2+ 35. Kxd2 Qe4 36. Qf3 Qxf3 37. Bxf3 Kg7 38. Be2 Rf6 39. Bd3 Kf7 40. Re1 Rg4 41.
Be2 Rxf4 42. Rg1 Re4 43.
Bf3 Re7 44. Bd5+ Be6 45. Bf3 Bxc4 46. d5 Re5 47. a3 Bxd5 48. Be2 Be4 49. Bc4+ d5 50. Be2 c5 51. Rf1 d4 52. cxd4 cxd4 53.
Rf4 Rc5 54. Bd3 Bxd3 0-1

[Event "Elite Hotels Open 2024"]
[Site "Elite Stadshotellet, Kungsgatan 6, Vaxjo, Sweden"]
[Date "2024.02.09"]
[Round "3.2"]
[White "Pantzar, Milton"]
[Black "Johansson, Ulf"]
[Result "1-0"]
[TimeControl "15 minutes + 5 seconds per move from move one (Round 1 - 4) / 90 minutes + 30 seconds per move from move one (Round 5 - 8)"]
[WhiteTitle "IM"]
[WhiteFideId "1721003"]
[BlackFideId "1701380"]
[WhiteElo "2468"]
[BlackElo "2141"]

1. d4 Nf6 2. Nf3 g6 3. Nbd2 d5 4. Nb3 Bg7 5. c3 Ne4 6. Bf4 Nd7 7. e3 O-O 8. Be2 c5 9. O-O h6 10.
h3 b6 11. Nbd2 Bb7 12. a4 Nd6 13. a5 Qc8 14. Ne5 Nxe5 15. dxe5 Ne8 16. Qb3 bxa5 17. Rxa5 c4 18. Qa3 Nc7 19.
Qxe7 Re8 20. Qa3 Bf8 21. Qa4 a6 22. Bg4 Ne6 23. Nf3 Qc7 24. Bxe6 Rxe6 25. Nd4 Rb6 26. e6 Qe7 27. exf7+ Qxf7 28.
Qc2 Re8 29. Bg3 Bg7 30. Rc5 Re7 31. b4 cxb3 32. Nxb3 Qf6 33. Nd4 h5 34. Bc7 Kh7 35. c4 dxc4 36. Bxb6 Qxb6 37. Rxh5+ Bh6 38. Rb1 Be4 39. Rxb6 Bxc2 40. Rxh6+ 1-0

[Event "Elite Hotels Open 2024"]
[Site "Elite Stadshotellet, Kungsgatan 6, Vaxjo, Sweden"]
[Date "2024.02.09"]
[Round "3.3"]
[White "Frisk, Ellinor"]
[Black "Seo, Jung Min"]
[Result "0-1"]
[TimeControl "15 minutes + 5 seconds per move from move one (Round 1 - 4) / 90 minutes + 30 seconds per move from move one (Round 5 - 8)"]
[WhiteTitle "WIM"]
[BlackTitle "IM"]
[WhiteFideId "1708481"]
[BlackFideId "1734687"]
[WhiteElo "2141"]
[BlackElo "2466"]

1. Nf3 Nf6 2. c4 e6 3. g3 b6 4. Bg2 Bb7 5. O-O c5 6. d4 cxd4 7. Qxd4 Be7 8. Nc3 O-O 9. Nb5 Na6 10. Nd6 Bc6 11. Bg5 h6 12. Bxf6 Bxf6 13.
Qd2 Nc5 14. Nd4 Bxg2 15. Kxg2 Qc7 16. N6b5 Qb7+ 17. Kg1 Ne4 18. Qd3 a6 19. Nc3 Nxc3 20. Qxc3 Rac8 21. Qd3 d5 22. cxd5 Qxd5 23.
Rfd1 Rfd8 24. Qxa6 Ra8 25. Qb5 Bxd4 26. Qxd5 Rxd5 27. e3 Bxb2 0-1

[Event "Elite Hotels Open 2024"]
[Site "Elite Stadshotellet, Kungsgatan 6, Vaxjo, Sweden"]
[Date "2024.02.09"]
[Round "3.4"]
[White "Hector, Jonny"]
[Black "Nilsson, Eskil"]
[Result "1-0"]
[TimeControl "15 minutes + 5 seconds per move from move one (Round 1 - 4) / 90 minutes + 30 seconds per move from move one (Round 5 - 8)"]
[WhiteTitle "GM"]
[WhiteFideId "1700090"]
[BlackFideId "1716220"]
[WhiteElo "2449"]
[BlackElo "2117"]

1. e4 c5 2. Nf3 d6 3. d4 cxd4 4. Nxd4 Nf6 5. Nc3 Nc6 6. Bg5 e6 7. Qd2 a6 8. O-O-O Bd7 9. f4 Be7 10.
Nf3 b5 11. Bd3 b4 12. Ne2 O-O 13. h4 Ng4 14. Bxe7 Qxe7 15. Ng3 e5 16. f5 Rfc8 17. Bc4 Na5 18. Qxd6 Qxd6 19. Rxd6 Rxc4 20.
Rxd7 Rac8 21. Kb1 Rxc2 22. Rhd1 h6 23. Rd8+ Kh7 24. Rxc8 Rxc8 25. b3 Nc6 26. Rc1 Ne7 27. Nf1 g6 28.
fxg6+ Kxg6 29. Rd1 f5 30. Rd6+ Kf7 31. N1d2 fxe4 32. Nxe4 Rc6 33. Rd8 Ke6 34. Nfd2 Kf5 35. Rf8+ Ke6 36.
h5 Nd5 37. Nc4 Nf4 38. Re8+ Kd5 39. Ng3 Kd4 40. Rd8+ Kc3 41. Ne4# 1-0

[Event "Elite Hotels Open 2024"]
[Site "Elite Stadshotellet, Kungsgatan 6, Vaxjo, Sweden"]
[Date "2024.02.09"]
[Round "3.5"]
[White "Mejvik, Jacob"]
[Black "Johansson, Linus"]
[Result "0-1"]
[TimeControl "15 minutes + 5 seconds per move from move one (Round 1 - 4) / 90 minutes + 30 seconds per move from move one (Round 5 - 8)"]
[BlackTitle "IM"]
[WhiteFideId "1710621"]
[BlackFideId "1711113"]
[WhiteElo "2103"]
[BlackElo "2434"]

1. e4 e6 2. d4 d5 3.
Nc3 Bb4 4. e5 c5 5. a3 Bxc3+ 6. bxc3 Ne7 7. Qg4 Qc7 8. Bd3 c4 9. Be2 Qa5 10. Bd2 Nf5 11. Nh3 Nc6 12.
Nf4 Bd7 13. Qh3 Qa4 14. Ra2 O-O-O 15. O-O b6 16. g4 Nfe7 17. Nh5 Rhg8 18. f4 Kb8 19. Bf3 Rdf8 20. Bg2 f6 21. Qg3 Kb7 22. Re1 f5 23. h3 Be8 24. Qh4 Bxh5 25. Qxh5 h6 26. Rf1 Ka6 27.
Qh4 Rh8 28. Qe1 Rfg8 29. Qc1 g6 30. Kf2 fxg4 31. hxg4 h5 32.
Bf3 hxg4 33. Bxg4 Nf5 34. Rh1 Nce7 35. Rxh8 Rxh8 36. Kg2 Qe8 37. a4 Qf7 38. Qb1 Qh7 39. Qb5+ Kb7 40. Qd7+ Ka8 41. Kf3 Qh1+ 42. Ke2 Rh2# 0-1

[Event "Elite Hotels Open 2024"]
[Site "Elite Stadshotellet, Kungsgatan 6, Vaxjo, Sweden"]
[Date "2024.02.09"]
[Round "3.6"]
[White "Sorensen, Hampus"]
[Black "Muntean, Victor"]
[Result "1-0"]
[TimeControl "15 minutes + 5 seconds per move from move one (Round 1 - 4) / 90 minutes + 30 seconds per move from move one (Round 5 - 8)"]
[WhiteTitle "IM"]
[WhiteFideId "8703884"]
[BlackFideId "1054414"]
[WhiteElo "2430"]
[BlackElo "2106"]

1. e4 e5 2. Nf3 Nc6 3. Bb5 a6 4. Ba4 f5 5. d3 fxe4 6. dxe4 Nf6 7. O-O d6 8. Nbd2 Be7 9.
c3 b5 10. Bb3 Na5 11. Bc2 Bg4 12. a4 O-O 13. h3 Bh5 14. Qe2 Qd7 15. Qe3 Kh8 16. b4 Nb7 17. Re1 h6 18. Nf1 Nh7 19. N3h2 Bh4 20. Ng3 Bg6 21.
Nhf1 c6 22. Qe2 Nd8 23. axb5 cxb5 24. Be3 Ne6 25. Qg4 Bxg3 26. Nxg3 Qe8 27. Red1 Nf6 28. Qe2 Qc6 29. Qd2 Rfd8 30. Bxh6 Nxe4 31. Nxe4 Bxe4 32. Bxe4 Qxe4 33. Be3 d5 34. Qa2 Rd6 35.
Re1 Qc4 36. Qb2 Nf4 37. Bxf4 Qxf4 38. Rad1 Rf8 39. Re3 e4 40. Qe2 Rf5 41. Rg3 Rdf6 42. Rg4 Qxf2+ 43. Qxf2 Rxf2 44.
Rxd5 e3 45. Re5 e2 46. Rge4 Rf1+ 47. Kh2 Rc1 48. Rxe2 Rxc3 49. R2e4 Rc2 50. Rg4 Rc7 51. Rh4+ Kg8 52. Re8+ Kf7 53. Ree4 Rc2 54. Rhg4 Rc7 55. Re5 Rd7 56. Rc5 Re7 57. h4 Rd7 58. Kh3 Rd3+ 59. g3 Rd7 60. h5 Re7 61. Kh4 Rd7 62. Re4 Re7 63. Rxe7+
Kxe7 64. Rc7+ Kf8 65. g4 Rf4 66.
Ra7 Rxb4 67. Rxa6 Rb1 68. Kg5 Rf1 69. Rb6 Kg8 70.
Rxb5 Kh7 71. Rb7 Ra1 72. Kh4 Ra4 73.
Rc7 Rb4 74. Re7 Ra4 75. Kg3 Rb4 76. g5 Rb5 77. Kf4 Rb4+ 78. Kf5 Rb5+ 79. Kf4 Rb4+ 80. Re4 Rb5 81. Re8 Rb4+ 82. Kf3 Rb3+ 83. Ke4 Rb4+ 84. Kd3 Rb5 85.
g6+ Kh6 86. Rh8+ Kg5 87. Ke4 Rb4+ 88.
Ke5 Rb5+ 89. Ke6 Rb6+ 90. Kf7 Rb7+ 91.
Ke6 Rb6+ 92. Kf7 Rb7+ 93. Kg8 Rc7 94. Kh7 Kxh5 95. Rg8 Kg5 96. Rxg7 Rc8 97. Ra7 1-0

[Event "Elite Hotels Open 2024"]
[Site "Elite Stadshotellet, Kungsgatan 6, Vaxjo, Sweden"]
[Date "2024.02.09"]
[Round "3.7"]
[White "Fransson, Patrick"]
[Black "Jepson, Christian"]
[Result "0-1"]
[TimeControl "15 minutes + 5 seconds per move from move one (Round 1 - 4) / 90 minutes + 30 seconds per move from move one (Round 5 - 8)"]
[BlackTitle "IM"]
[WhiteFideId "1709305"]
[BlackFideId "1701185"]
[WhiteElo "2086"]
[BlackElo "2386"]

1. d4 Nf6 2. Bg5 e6 3. e3 b6 4. f4 h6 5. Bh4 Bb7 6. Nf3 Be7 7. Nbd2 g5 8. Bg3 d6 9. Bd3 Nbd7 10.
Qe2 g4 11. Ng1 Rg8 12. e4 Nh5 13.
O-O-O e5 14. dxe5 dxe5 15. fxe5 Nxg3 16. hxg3 Bg5 17. e6 fxe6 18. e5 Qe7 19. Kb1 O-O-O 20. Nb3 Nc5 21. Re1 Nxd3 22.
cxd3 Qh7 23. Rd1 Ba6 24. a3 Bxd3+ 25. Rxd3 Qxd3+ 26. Qxd3 Rxd3 27. Kc2 Rxg3 28. Ne2 Rxg2 29. Kd1 c5 30. Ke1 Rf8 31. Rf1 Bh4+ 0-1

[Event "Elite Hotels Open 2024"]
[Site "Elite Stadshotellet, Kungsgatan 6, Vaxjo, Sweden"]
[Date "2024.02.09"]
[Round "3.8"]
[White "Akesson, Ralf"]
[Black "Sundin, Emanuel"]
[Result "1-0"]
[TimeControl "15 minutes + 5 seconds per move from move one (Round 1 - 4) / 90 minutes + 30 seconds per move from move one (Round 5 - 8)"]
[WhiteTitle "GM"]
[WhiteFideId "1700120"]
[BlackFideId "1719173"]
[WhiteElo "2378"]
[BlackElo "2086"]

1. d4 Nf6 2. c4 e5 3. dxe5 Ng4 4. Bf4 Nc6 5. Nf3 Bb4+ 6. Nbd2 Qe7 7. a3 Ngxe5 8. Nxe5 Nxe5 9. e3 Bc5 10.
Be2 d6 11. O-O a5 12. Ne4 Ng6 13. Nxc5 Nxf4 14. exf4 dxc5 15. Re1 O-O 16. Bf3 Qf6 17. Qd2 Ra6 18. Re5 Rb6 19. Rae1 g6 20.
R1e2 Be6 21. Rxc5 c6 22. g3 a4 23. Kg2 Rb3 24. Ree5 Rd8 25. Qc2 Bf5 26. Qe2 Rdd3 27. Be4 Bxe4+ 28. Rxe4 Qxb2 29. Re8+ Kg7 30. Qe7 Qxa3 31. Qf8+ Kf6 32. Qh8# 1-0

[Event "Elite Hotels Open 2024"]
[Site "Elite Stadshotellet, Kungsgatan 6, Vaxjo, Sweden"]
[Date "2024.02.09"]
[Round "3.9"]
[White "Mashhadi, Peyman"]
[Black "Lindberg, Bengt"]
[Result "1/2-1/2"]
[TimeControl "15 minutes + 5 seconds per move from move one (Round 1 - 4) / 90 minutes + 30 seconds per move from move one (Round 5 - 8)"]
[BlackTitle "IM"]
[WhiteFideId "1768581"]
[BlackFideId "1700359"]
[WhiteElo "2073"]
[BlackElo "2331"]

1. Nf3 Nf6 2. d4 e6 3. c4 b6 4. g3 Ba6 5. Qc2 Bb4+ 6. Nbd2 Bb7 7. Bg2 Be4 8. Qb3 Nc6 9. O-O Bxd2 10.
Bxd2 O-O 11. Bc3 a5 12. a3 d5 13. Nd2 Bxg2 14. Kxg2 dxc4 15. Qxc4 Qd5+ 16. Qxd5 exd5 17. e3 Rfe8 18.
Rac1 Na7 19. b3 Rac8 20. Bb2 Ne4 21. Nxe4 Rxe4 22. Rc2 f6 23. Rfc1 c6 24. a4 Kf7 25. Kf3 Ke8 26. Ke2 Kd7 27.
Kd3 f5 28. Ba3 Re6 29. h4 Ra8 30. Rg1 h5 31. Rb1 Nc8 32. Rbc1 Rb8 33. Bf8 Rg6 34. Ke2 Na7 35. Ba3 Rb7 36.
Kf3 Rg4 37. Bf8 Rb8 38. Ba3 Re4 39. Ke2 g6 40. Kd3 Rb7 41. Rg1 b5 42. axb5 Nxb5 43. Bc5 Nc7 44. Rc3 Na6 45. Rb1 Re8 46.
Kc2 Rb5 47. Ba3 Reb8 48. Rb2 R8b7 49. Kc1 Nc7 50. Bf8 Ne8 51. Ba3 Nf6 52. f3 Ne8 53. Kb1 Nc7 54. Ka2 R5b6 55. Rbc2 Ra6 56. Rc5 Nb5 57. Bb2 a4 58.
b4 a3 59. Bc1 Nd6 60. Bd2 Nc4 61. e4 fxe4 62. fxe4 Nxd2
63. Rxd2 dxe4 64. Re5 Rxb4 65.
Rxe4 Rab6 66. Kxa3 Rb3+ 67. Ka2 Rxg3 68.
Rde2 Kd6 69. Re5 Rb4 70. Re6+ Kd5 71. R2e5+ Kxd4 72. Re4+ Kc5 73. R6e5+ Kd6 74. Re6+ Kd5 75. R6e5+ Kd6 76. Re6+ Kd5 77. R6e5+ 1/2-1/2

[Event "Elite Hotels Open 2024"]
[Site "Elite Stadshotellet, Kungsgatan 6, Vaxjo, Sweden"]
[Date "2024.02.09"]
[Round "3.10"]
[White "Ostlund, Joar"]
[Black "Evertsson, Lennart"]
[Result "1-0"]
[TimeControl "15 minutes + 5 seconds per move from move one (Round 1 - 4) / 90 minutes + 30 seconds per move from move one (Round 5 - 8)"]
[WhiteTitle "FM"]
[WhiteFideId "1735020"]
[BlackFideId "1705156"]
[WhiteElo "2327"]
[BlackElo "2062"]

1. d4 Nf6 2. c4 e6 3. Nf3 c5 4. d5 b5 5. e4 Nxe4 6. Bd3 Nf6 7. Nc3 Bb7 8. O-O Be7 9. Bf4 b4 10.
Nb5 d6 11. dxe6 fxe6 12. Ng5 e5 13. Ne6 Qd7 14. Nbc7+ Kf7 15. Bg5 Nc6 16. Bf5 g6 17. Bxf6 Kxf6 18. Nd5+ Kxf5 19. Ng7+ Kg5 20.
Qd2+ Kh4 21. Qh6+ 1-0

[Event "Elite Hotels Open 2024"]
[Site "Elite Stadshotellet, Kungsgatan 6, Vaxjo, Sweden"]
[Date "2024.02.09"]
[Round "3.11"]
[White "Bjorkman, Filip"]
[Black "Kistrup, Nicolai"]
[Result "1-0"]
[TimeControl "15 minutes + 5 seconds per move from move one (Round 1 - 4) / 90 minutes + 30 seconds per move from move one (Round 5 - 8)"]
[BlackTitle "FM"]
[WhiteFideId "1734970"]
[BlackFideId "1444816"]
[WhiteElo "2046"]
[BlackElo "2326"]

1. e4 e5 2. Nf3 Nc6 3. Bc4 Nf6 4. Ng5 d5 5. exd5 Na5 6. Bb5+ c6 7. dxc6 bxc6 8. Bd3 Nd5 9. Nf3 Bd6 10.
O-O f5 11. Nxe5 Bxe5 12. Re1 Qe7 13. Bxf5 O-O 14. Bxh7+ Kxh7 15. Qh5+ Kg8 16. Qxe5 Qxe5 17. Rxe5 Nc4 18. Re2 Nf4 19.
Re1 Bg4 20. d3 Rae8 21. Be3 Ne2+ 22. Kh1 Nxe3 23. fxe3 Rxe3 24. Nc3 Rf2 25. Ne4 Rf4 26. Nc3 Rf2 27. Ne4 Rf5 28. h3 Rh5 29.
Nf2 Bd7 30. Kh2 g5 31. Ne4 Kg7 32. Ng3 Nxg3 33. Rxe3 Nf5 34. Re4 Rh8 35. g4 Nh4 36. Re7+ Kf6 37. Rxd7 Ke5 38. Re1+ Kf6 39.
Kg3 Ng6 40. Rd6+ Kf7 41. Rf1+ Nf4 42. h4 Ke7 43. Rxc6 gxh4+ 44. Kh2 Nd5 45. Rc5 Kd6 46. d4 Ne3 47. Rf6+ Ke7 48. Rf4 Kd6 49.
Re4 Nd5 50. c4 Nf6 51. Rf4 Nd7 52. Rd5+ Kc6 53. b4 Re8 54. b5+ Kc7 55. Rf7 1-0